 Dungeon Crawl Stone Soup version 0.20-a0-433-g9e36e56 (webtiles) character file.

2394 tsouns the Insei (level 9, -4/55 HPs)
             Began as an Octopode Transmuter on Jan 4, 2017.
             Was an Initiate of Hepliaklqana.
             Slain by a hog (12 damage)
             ... on level 7 of the Dungeon.
             The game lasted 00:28:23 (8578 turns).

tsouns the Insei (Octopode Transmuter)              Turns: 8578, Time: 00:28:24

Health: -4/55      AC:  3    Str: 10    XL:     9   Next: 46%
Magic:  11/14      EV: 13    Int: 18    God:    Hepliaklqana [......]
Gold:   291        SH:  0    Dex: 12    Spells: 0/15 levels left

rFire  + . .     SeeInvis .       - Unarmed
rCold  . . .     Gourm    +     (no shield)
rNeg   . . .     Faith    .     n - +2 hat
rPois  .         Spirit   .     k - amulet of the gourmand
rElec  .         Reflect  .     h - ring of protection from fire
rCorr  .         Harm     .     (no ring)
MR     .....                    (no ring)
Stlth  ++........               (no ring)
                                (no ring)
                                (no ring)
                                (no ring)
                                (no ring)

@: very slightly contaminated
A: almost no armour, stealthy swim, amphibious, 8 rings, constrict 8, reduced
essence, camouflage 1, wild magic 1, gelatinous body 1
a: Recall Ancestor, Ancestor Identity, Renounce Religion


You were on level 7 of the Dungeon.
You worshipped Hepliaklqana.
Hepliaklqana was noncommittal.
You were very full.

You visited 2 branches of the dungeon, and saw 8 of its levels.

You collected 291 gold pieces.

Inventory:

Hand Weapons
 y - a +2 dagger of electrocution
Missiles
 a - 89 arrows
 d - 13 sling bullets
 e - 204 stones (quivered)
 v - 8 tomahawks
Armour
 n - a +2 hat (worn)
 E - a +0 buckler
Jewellery
 h - a ring of protection from fire (left tentacle)
 k - an amulet of the gourmand (around mantle)
 r - an uncursed ring of fire
 C - an uncursed amulet of magic regeneration
 G - an uncursed amulet of guardian spirit
Wands
 t - a wand of digging (13/24)
 w - a wand of digging (12/24)
 z - a wand of iceblast (6/15)
Scrolls
 g - 2 scrolls of immolation
 j - 3 scrolls of remove curse
 m - 5 scrolls of teleportation
 o - 2 scrolls of fear
 p - 2 scrolls of blinking
Potions
 f - 2 potions of haste
 l - 5 potions of brilliance
 q - a potion of might
 x - a potion of flight
 A - a potion of agility {unknown}
 B - a potion of heal wounds
 D - a potion of berserk rage {unknown}
 F - a potion of curing
 I - 2 potions of magic {unknown}
Books
 b - a book of Changes

   Spells                             Type                      Level
   a - Beastly Appendage              Transmutation                1
   b - Sticks to Snakes               Transmutation                2
   c - Spider Form                    Transmutation/Poison         3
   d - Ice Form                       Ice/Transmutation            4
   e - Blade Hands                    Transmutation                5
Comestibles
 c - 7 bread rations
 i - a slice of pizza
 s - 4 meat rations
 u - a beef jerky
 H - a royal jelly
 J - 4 fruits


   Skills:
 + Level 5.7 Fighting
 - Level 2.0 Dodging
 + Level 7.3 Unarmed Combat
 - Level 3.8 Spellcasting
 + Level 6.4 Transmutations
 + Level 4.8 Ice Magic


You couldn't memorise any spells.
You knew the following spells:

 Your Spells              Type           Power        Failure   Level  Hunger
a - Beastly Appendage     Tmut           ####..       2%          1    None
b - Sticks to Snakes      Tmut           ####....     3%          2    ##.....
c - Spider Form           Tmut/Pois      ###.......   21%         3    ###....
d - Ice Form              Ice/Tmut       ####....     24%         4    ####...
e - Blade Hands           Tmut           ####......   43%         5    ######.


Dungeon Overview and Level Annotations

Branches:
Dungeon (7/15)             Temple (1/1) D:6

Altars:
Ashenzari
Cheibriados
Dithmenos
Elyvilon
Fedhas
Gozag
Hepliaklqana
Kikubaaqudgha
Makhleb
Nemelex Xobeh
Okawaru
Qazlal
Ru
Sif Muna
Trog
Uskayaw
Vehumet
Xom
Yredelemnul
Zin
The Shining One

Shops:
D:5 *


Innate Abilities, Weirdness & Mutations

You cannot wear most types of armour.
You are very stealthy in the water. (Stealth+)
You are amphibious.
You can wear up to eight rings at the same time.
You can use your tentacles to constrict eight enemies at once.
Your skin changes colour to match your surroundings (Stealth+).
Your rubbery body absorbs attacks. (AC +1, EV +1)
Your life essence is reduced. (-10% HP)
Your spells are a little harder to cast, but a little more powerful.


Message History

You bludgeon the hog!
The hog is severely wounded.
You constrict the hog. The hog barely misses you.
The hog bites you but does no damage.
Appius hits the hog.
You tentacle-slap the hog.
The hog is almost dead.
You constrict the hog.
You kill the hog!
You tentacle-slap the hog. You grab the hog.
The hog is lightly wounded.
You constrict the hog. The hog bites you!
* * * LOW HITPOINT WARNING * * *
Appius hits the hog.
The hog closely misses you.
You bludgeon the hog!
The hog is heavily wounded.
You constrict the hog. The hog bites you!
* * * LOW HITPOINT WARNING * * *
Appius hits the hog but does no damage.
The hog barely misses you.
You release your grip on the hog.
The hog bites you!
You die...

########.......# ###..
#..#%%##.......####....
..#.%##.......รท....##.
.'..##.......#######.
#..#........# #.
.Y#[.......# ###.
##h#........# #...
######..h..###.### #...
c.......R@........#
#...
.....###...#####...#
#... ..........##
...####... .....##...#
...##....# .. #..##
#..##.#### . #..#
#.##.# ..## ###.##.###
... ..........##
...........#


You could see the friendly Appius the ancestor, a yak and 2 hogs.

Vanquished Creatures
  Sigmund (D:2)
  A human (D:7)
  A hog (D:7)
  A water moccasin (D:5)
  A sky beast (D:5)
  A black bear (D:6)
  2 necrophages (D:6)
  2 ogres
  2 centaurs (D:6)
  A gnoll sergeant (D:6)
  A scorpion (D:6)
  3 hounds
  A bullfrog skeleton (D:6)
  3 orc priests
  4 orc wizards
  A centaur skeleton (D:4)
  Ijyb (D:2)
  Terence (D:2)
  3 iguanas
  Natasha (thrice) (D:3)
  3 worker ants
  A hound skeleton (D:5)
  Robin (D:3)
  5 gnolls (D:4)
  9 adders
  A shadow imp (D:5)
  An ooze (D:4)
  An adder zombie (D:5)
  6 dart slugs
  6 leopard geckos
  18 orcs
  2 ball pythons
  6 giant cockroaches
  19 goblins
  15 hobgoblins
  11 jackals
  19 kobolds
  7 quokkas
  8 bats
  3 frilled lizards
  A jackal skeleton (D:4)
  A leopard gecko skeleton (D:5)
  6 rats
184 creatures vanquished.

Vanquished Creatures (collateral kills)
  An ogre (D:5)
  A scorpion (D:6)
  An orc priest (D:3)
  A worker ant (D:6)
  A shadow imp (D:6)
  2 orcs (D:3)
7 creatures vanquished.

Grand Total: 191 creatures vanquished

Notes
Turn   | Place    | Note
-------+----------+-------------------------------------------
     0 | D:1      | tsouns the Octopode Transmuter began the quest for the Orb.
     0 | D:1      | Reached XP level 1. HP: 13/13 MP: 3/3
   145 | D:1      | Reached XP level 2. HP: 14/18 MP: 5/5
   177 | D:1      | Learned a level 2 spell: Sticks to Snakes
   891 | D:2      | Noticed Ijyb
   905 | D:2      | Killed Ijyb
   905 | D:2      | Reached skill level 4 in Unarmed Combat
   905 | D:2      | Reached XP level 3. HP: 21/24 MP: 6/6
  1177 | D:2      | Learned a level 3 spell: Spider Form
  1272 | D:2      | Noticed Terence
  1291 | D:2      | Killed Terence
  1291 | D:2      | Reached XP level 4. HP: 7/30 MP: 5/7
  1733 | D:2      | Noticed Sigmund
  1814 | D:2      | Killed Sigmund
  1814 | D:2      | Reached XP level 5. HP: 36/36 MP: 5/9
  1814 | D:2      | Reached XP level 6. HP: 42/42 MP: 5/10
  1927 | D:2      | Found a glowing silver altar of Zin.
  2057 | D:2      | Learned a level 4 spell: Ice Form
  2323 | D:3      | Found a shimmering altar of Xom.
  2323 | D:3      | Noticed Natasha
  2334 | D:3      | Killed Natasha
  2490 | D:3      | Noticed Natasha
  2497 | D:3      | Killed Natasha
  2497 | D:3      | Reached skill level 5 in Unarmed Combat
  2903 | D:3      | Reached XP level 7. HP: 17/46 MP: 5/11
  3368 | D:3      | Noticed Natasha
  3387 | D:3      | Killed Natasha
  3637 | D:3      | Noticed Robin
  3650 | D:3      | Killed Robin
  4158 | D:4      | Reached skill level 1 in Ice Magic
  4981 | D:4      | Found an opulent altar of Gozag.
  5092 | D:5      | Entered Level 5 of the Dungeon
  5446 | D:5      | Reached XP level 8. HP: 48/54 MP: 9/13
  5977 | D:5      | Gained mutation: Your spells are a little harder to cast, but a little more powerful. [potion of beneficial mutation]
  6054 | D:5      | Reached skill level 6 in Unarmed Combat
  6071 | D:5      | Reached skill level 5 in Transmutations
  6581 | D:5      | Found Emmihow's Serpentskin Sales.
  7451 | D:6      | Found a staircase to the Ecumenical Temple.
  7471 | Temple   | Entered the Ecumenical Temple
  7672 | Temple   | Became a worshipper of Hepliaklqana the Forgotten
  7933 | D:6      | Found a basalt altar of Yredelemnul.
  7984 | D:6      | Reached skill level 5 in Fighting
  7984 | D:6      | Reached XP level 9. HP: 54/54 MP: 14/14
  8093 | D:6      | Reached skill level 7 in Unarmed Combat
  8494 | D:7      | Learned a level 5 spell: Blade Hands
  8578 | D:7      | Slain by a hog

Vault maps used:
D:1:      dpeg_arrival_water_temple_mockup
D:2:      zin_scriptorium, first_bread, uniq_terence, uniq_iyjb, uniq_sigmund
D:3:      xom_teletrap_fun, uniq_robin, uniq_natasha
D:4:      corexii_shantytown, lemuel_coloured_pillars_altar
D:5:      guppyfry_shop_venom
D:6:      marbit_many_paths
D:7:      grunt_livestock
Temple:   regret_index_temple_mists

Skill      XL: |  1  2  3  4  5  6  7  8  9 |
---------------+----------------------------+-----
Fighting       | 2 3 5 |  5.7
Unarmed Combat | 4 5 6 7 |  7.3
Transmutations | 3 4 5 6 |  6.4
Spellcasting   | 3 |  3.8
Ice Magic      | 2 4 |  4.8
Dodging        | |  2.0

Action                   |  1- 3 |  4- 6 |  7- 9 || total
-------------------------+-------+-------+-------++-------
Melee: Unarmed           |    76 |   107 |   345 ||   528
       Constrict         |    19 |    23 |    72 ||   114
       Tentacles         |    17 |    11 |    54 ||    82
       Kick              |     6 |     7 |     4 ||    17
       Punch             |     3 |     3 |     9 ||    15
 Cast: Beastly Appendage |     4 |     7 |     2 ||    13
       Spider Form       |       |     3 |     8 ||    11
       Sticks to Snakes  |       |     5 |     3 ||     8
  Use: Scroll            |     7 |     3 |     7 ||    17
       Potion            |     1 |       |     1 ||     2
 Stab: Sleeping          |     5 |     4 |    15 ||    24
       Distracted        |       |       |     1 ||     1
  Eat: Chunk             |     8 |     7 |    24 ||    39
Armor: Skin              |     2 |     4 |    39 ||    45
Dodge: Dodged            |    37 |    55 |   202 ||   294
